 Dungeon Crawl Stone Soup version 0.27.0-1-g7a089689b8 (webtiles) character file.

Game seed: 2826781166553721741

436787 sasquatch the Executioner (level 25, -8/209 HPs)
             Began as a Formicid Fighter on Aug 3, 2021.
             Was the Champion of the Shining One.
             Mangled by a titan (21 damage)
             ... on level 5 of the Vaults.
             The game lasted 02:41:47 (61273 turns).

sasquatch the Executioner (Formicid Fighter)       Turns: 61273, Time: 02:41:48

Health: -8/209     AC: 33    Str: 28    XL:     25   Next: 20%
Magic:  30/30      EV:  9    Int: 12    God:    the Shining One [******]
Gold:   4365       SH: 33    Dex: 10    Spells: 24/24 levels left

rFire    + + +     SeeInvis +   Q - +5 battleaxe of Fazutat {elec, Contam Drain rElec Will++ SInv}
rCold    + + .     Faith    .   T - +0 tower shield
rNeg     + + +     Spirit   .   s - +7 gold dragon scales
rPois    +         Reflect  .   (helmet unavailable)
rElec    +         Harm     .   r - scarf {repulsion}
rCorr    .         Rampage  .   i - +0 pair of gloves of the Eternal Fruit {rElec rC- Regen+}
Will     ++++.                  Z - +0 pair of boots "Zourosu" {Str+2}
Stlth    ..........             K - amulet of Virtue {Acrobat rF+++ rN++ Regen+ Str-3}
HPRegen  2.44/turn              m - ring of protection from cold
MPRegen  0.22/turn              A - ring "Kuollus" {rF- rC+ SInv Stlth+}

@: mighty, divinely shielded, unable to read, glowing, studying Unarmed Combat,
repel missiles
A: permanent stasis, dig shafts and tunnels, antennae 3, four strong arms, low
mp 1, inability to read while threatened
}: 2/15 runes: decaying, serpentine
a: Dig, Shaft Self, Renounce Religion, Divine Shield, Cleansing Flame, Summon
Divine Warrior, Brand Weapon With Holy Wrath


You were on level 5 of the Vaults.
You worshipped the Shining One.
The Shining One was exalted by your worship.
You visited 7 branches of the dungeon, and saw 39 of its levels.
You also visited: Gauntlet.

You collected 6482 gold pieces.
You spent 2117 gold pieces at shops.

Inventory:

Hand Weapons
 b - the +7 broad axe of Success {vorpal, +Blink rF+++ rC- Dex-4}
   (You bought it in a shop on level 10 of the Dungeon)

   It inflicts extra damage upon your enemies.
   Dex:       It affects your dexterity (-4).
   rF:        It renders you almost immune to fire.
   rC:        It makes you vulnerable to cold.
   +Blink:    It lets you blink.
 N - a +1 battleaxe of flaming
 Q - the +5 battleaxe of Fazutat (weapon) {elec, Contam Drain rElec Will++ SInv}
   (You found it on level 3 of the Elven Halls)

   It occasionally discharges a powerful burst of electricity upon striking a
   foe.
   rElec:     It insulates you from electricity.
   SInv:      It lets you see invisible.
   Contam:    It causes magical contamination when unequipped.
   Drain:     It drains your maximum health when unequipped.
   Will:      It greatly increases your willpower.
Missiles
 g - 5 throwing nets
 v - 10 boomerangs of dispersal
 L - 42 javelins
 M - 16 silver boomerangs
 V - 4 silver javelins
Armour
 i - the +0 pair of gloves of the Eternal Fruit (worn) {rElec rC- Regen+}
   (You found it on level 15 of the Dungeon)

   rC:        It makes you vulnerable to cold.
   rElec:     It insulates you from electricity.
   Regen:     It increases your rate of health regeneration.
 r - a scarf of repulsion (worn)
 s - +7 gold dragon scales (worn)
 z - a +0 pair of boots of flying
 T - a +0 tower shield (worn)
 Z - the +0 pair of boots "Zourosu" (worn) {Str+2}
   (You bought it in a shop on level 13 of the Dungeon)

   Str:       It affects your strength (+2).
Jewellery
 f - the ring of Naudghuf {rF+ rC- rN+ Int+3}
   (You found it on level 3 of the Elven Halls)

   [ring of protection from fire]

   Int:       It affects your intelligence (+3).
   rF:        It protects you from fire.
   rC:        It makes you vulnerable to cold.
   rN:        It protects you from negative energy.
 m - a ring of protection from cold (left hand)
 y - the ring of Mumilufu {rPois rF+ Str+4}
   (You took it off an orc warrior on level 12 of the Dungeon)

   [ring of protection from fire]

   Str:       It affects your strength (+4).
   rF:        It protects you from fire.
   rPois:     It protects you from poison.
 A - the ring "Kuollus" (right hand) {rF- rC+ SInv Stlth+}
   (You found it in a Gauntlet)

   [ring of protection from cold]

   rF:        It makes you vulnerable to fire.
   rC:        It protects you from cold.
   SInv:      It lets you see invisible.
   Stlth:     It makes you more stealthy.
 E - a ring of resist corrosion
 J - a ring of willpower
 K - the amulet of Virtue (around neck) {Acrobat rF+++ rN++ Regen+ Str-3}
   (You found it on level 3 of the Elven Halls)

   [amulet of the acrobat]

   It increases your evasion while moving and waiting.
   Str:       It affects your strength (-3).
   rF:        It renders you almost immune to fire.
   rN:        It greatly protects you from negative energy.
   Regen:     It increases your rate of health regeneration.
 X - a ring of flight
Wands
 d - a wand of flame (149) (quivered)
 e - a wand of iceblast (53)
 h - a wand of acid (13)
 R - a wand of mindburst (41)
Scrolls
 q - 11 scrolls of amnesia
 t - 6 scrolls of enchant weapon
 u - 3 scrolls of magic mapping
 B - a scroll of holy word
 H - 2 scrolls of silence
 I - 33 scrolls of identify
 P - 2 scrolls of fog
 S - 4 scrolls of fear
 Y - a scroll of summoning
Potions
 j - 5 potions of flight
 k - 3 potions of magic
 n - 18 potions of curing
 p - 9 potions of mutation
 x - 5 potions of brilliance
 C - 5 potions of lignification
 D - 3 potions of resistance
 G - 4 potions of cancellation
Miscellaneous
 a - a tin of tremorstones (2/2)
 l - a lightning rod (4/4)
 F - a phantom mirror
 O - a phial of floods
 U - a box of beasts
 W - a phantom mirror


   Skills:
 + Level 19.6 Fighting
 - Level 24.0 Axes
 - Level 20.0 Armour
 + Level 9.7 Dodging
 - Level 15.0 Shields
 - Level 15.0 Invocations


You had 24 spell levels left.
You didn't know any spells.
Your spell library contained the following spells:

 Spells                   Type           Power      Damage    Failure   Level
 Freeze                   Ice            0%         1d3       98%         1
 Shock                    Conj/Air       0%         1d3       98%         1
 Sting                    Tmut/Pois      0%         1d3       98%         1
 Poisonous Vapours        Pois/Air       0%         N/A       99%         2
 Static Discharge         Conj/Air       0%         N/A       99%         2
 Sublimation of Blood     Necr           0%         N/A       99%         2
 Wereblood                Tmut           0%         N/A       99%         2
 Dazzling Flash           Conj/Hex       0%         N/A       100%        3
 Frozen Ramparts          Ice            0%         1d2       100%        3
 Ignite Poison            Fire/Tmut/Pois 0%         N/A       100%        3
 Inner Flame              Hex/Fire       0%         N/A       100%        3
 Mephitic Cloud           Conj/Pois/Air  0%         N/A       100%        3
 Stone Arrow              Conj/Erth      0%         3d7       100%        3
 Airstrike                Air            0%         N/A       100%        4
 Animate Armour           Summ/Erth      0%         N/A       100%        4
 Cause Fear               Hex            0%         N/A       100%        4
 Hailstorm                Conj/Ice       0%         3d3       100%        4
 Ice Form                 Ice/Tmut       0%         N/A       100%        4
 Olgreb's Toxic Radiance  Pois           0%         N/A       100%        4
 Petrify                  Tmut/Erth      0%         N/A       100%        4
 Summon Ice Beast         Ice/Summ       0%         N/A       100%        4
 Agony                    Necr           0%         N/A       100%        5
 Blade Hands              Tmut           0%         N/A       100%        5
 Bolt of Magma            Conj/Fire/Erth 0%         4d4       100%        5
 Freezing Cloud           Conj/Ice/Air   0%         6-21      100%        5
 Irradiate                Conj/Tmut      0%         3d13      100%        5
 Iskenderun's Battlesphe  Conj           0%         2d6       100%        5
 Lightning Bolt           Conj/Air       0%         1d11      100%        5
 Silence                  Hex/Air        0%         N/A       100%        5
 Summon Forest            Summ/Tloc      0%         N/A       100%        5
 Eringya's Noxious Bog    Tmut/Pois      0%         N/A       100%        6
 Iron Shot                Conj/Erth      0%         9d1       100%        6
 Simulacrum               Ice/Necr       0%         N/A       100%        6
 Dragon Form              Tmut           0%         N/A       100%        7
 Spellforged Servitor     Conj/Summ      0%         N/A       100%        7
 Summon Hydra             Summ           0%         N/A       100%        7
 Discord                  Hex            0%         N/A       100%        8
 Lehudib's Crystal Spear  Conj/Erth      0%         10d2      100%        8
 Maxwell's Capacitive Co  Air            0%         ∞         100%        8
 Polar Vortex             Ice            0%         N/A       100%        9
 Shatter                  Erth           0%         3d5*      100%        9
 Swiftness                Air            Unusable   N/A       N/A         3

Dungeon Overview and Level Annotations

Branches:
Dungeon (15/15)            Temple (0/1) D:7            Lair (6/6) D:11
  Swamp (4/4) Lair:2        Snake (4/4) Lair:4        Slime (0/5) Lair:5
    Orc (2/2) D:10            Elf (3/3) Orc:2        Vaults (5/5) D:13
  Crypt (0/3) Vaults:2     Depths (0/5) D:15        Gauntlet (visited)

Altars:
Ashenzari
Cheibriados
Elyvilon
Fedhas
Gozag
Hepliaklqana
Nemelex Xobeh
Qazlal
Ru
Sif Muna
Trog
Uskayaw
Xom
The Shining One
Beogh

Shops:
D:1 :   D:2 !   D:5 =   D:6 :   D:10 (   D:13 (*([=   Orc:1 *   Orc:2 (?(*
Elf:1 *   Elf:2 *   Vaults:1 :   Vaults:2 (   Vaults:4 *

Annotations:
Lair:1 Gastronok
Snake:2 1 runed translucent door
Vaults:5 Sojobo


Innate Abilities, Weirdness & Mutations

You cannot be hasted, slowed, berserked, paralysed or teleported.
You can dig through walls and to a lower floor.
You have a pair of large antennae on your head. (SInv)
Your four strong arms can wield two-handed weapons with a shield.
Your magical capacity is low. (-10% MP)
You sometimes lose the ability to read scrolls when taking damage.


Message History

The cyan very ugly thing is almost dead.
You slice the tentacled monstrosity!! You slice the deep elf knight!!
Lightning courses through the deep elf knight!
You hit the vault warden. You slash the titan!
You chop the vault warden into pieces!!!
You kill the vault warden!
You carve the yaktaur captain like a ham!!!
You kill the yaktaur captain!
You hit the titan.
The yaktaur captain wields a +0 arbalest.
The yaktaur captain shoots a bolt.
You block the bolt.
The ironbound convoker casts a spell at Sojobo.
Sojobo seems to grow stronger.
You block the cyan very ugly thing's attack.
An ogre mage comes into view. It is wielding a +0 halberd.
You block the vault warden's attack.
The deep elf knight casts a spell at you.
The shard of ice hits you!! You partially resist.
* * * LOW HITPOINT WARNING * * *
You block the titan's attack. The titan hits you but does no damage.
A sphinx comes into view.
The wind drake begins repelling missiles!
You barely miss the cyan very ugly thing.
The cyan very ugly thing is almost dead.
You slash the titan! You slice the stone giant!!
Lightning courses through the stone giant!
You hit the titan.
You hit the vault warden but do no damage.
Your gold dragon scales prevents you from hitting the deep elf knight.
You slash the tentacled monstrosity!
The stone giant throws a large rock.
You block the large rock. You block the deep elf knight's attack.
A deep elf sorcerer comes into view. It is wielding a +0 long sword.
The cyan very ugly thing kicks you but does no damage.
The ironbound convoker gestures at the titan while chanting.
The titan seems to grow stronger.
You block the stone giant's attack.
The yaktaur captain shoots a bolt.
You block the bolt.
The vault warden hits you with a +0 battleaxe!!
* * * LOW HITPOINT WARNING * * *
The titan hits you!!
You die...

$.. #....#
#...H#....# ..
#...#....# ...
#..#....#....
.##..#....#....
..e.......p....
#####e.Wp....###
......eXuT......
.....Tp@Cc<.....
..k?.pC)Cc......
......pCc....$..
#####..Q.....###
.O........)#
....#....#...#
###..#....##...
...#....# #..


You could see Sojobo (strong, repels missiles), a tentacled monstrosity, an
ironbound preserver, 2 titans, a cyan very ugly thing, a sphinx, 2 stone giants,
a vault warden (empowered), 2 yaktaur captains, 2 deep elf sorcerers, a wind
drake shaped shifter (repels missiles), an ogre mage, 2 deep trolls, a vault
sentinel (strong, empowered), a deep elf knight (fast), 2 ironbound convokers, a
yaktaur and a freezing wraith.

Vanquished Creatures
  A dread lich (Vaults:5)
  Vashnia (Snake:4)
  Nikola (Snake:4)
  Jory (Vaults:4)
  2 golden dragons
  Rupert (Lair:6)
  4 tentacled monstrosities
  A titan (Vaults:4)
  A deep elf blademaster (Elf:3)
  2 deep elf master archers (Elf:3)
  Agnes (Elf:1)
  A tengu reaver (Vaults:4)
  3 thorn hunters
  3 shadow dragons (Vaults:4)
  4 sphinxes
  Donald (Swamp:3)
  A storm dragon (Vaults:4)
  5 nagarajas
  7 deep elf sorcerers
  3 frost giants (Vaults:4)
  3 fire giants
  2 orc warlords
  10 vault wardens
  16 ironbound preservers
  4 very ugly things
  12 deep elf elementalists (Elf:3)
  3 war gargoyles (Vaults:4)
  5 stone giants
  9 deep elf demonologists
  Nessos (D:13)
  5 dire elephants
  A minotaur (Gauntlet)
  5 bunyips
  7 deep elf annihilators
  3 entropy weavers
  A green death (Gauntlet)
  An ettin (Orc:1)
  An eleionoma (Swamp:1)
  3 crystal guardians
  6 deep elf death magi
  4 yaktaur captains
  A fire dragon (Vaults:4)
  The ghost of DocClef the Covert, a journeyman GnDe of Hepliaklqana (Lair:3)
  A great orb of eyes (Vaults:1)
  Harold (D:7)
  6 deep elf high priests
  Josephine (D:10)
  A rakshasa (D:14)
  21 hydras
  7 ironbound thunderhulks
  A catoblepas (D:14)
  5 ogre magi
  14 naga warriors
  10 anacondas
  A salamander tyrant (Snake:3)
  11 boulder beetles
  42 vault guards
  2 peacekeepers
  6 ironbound frosthearts
  13 alligators
  15 centaur warriors
  14 two-headed ogres
  A death yak (shapeshifter) (Vaults:3)
  4 death knights
  6 ironbound beastmasters
  6 tengu warriors
  A deep troll earth mage (Vaults:4)
  28 dancing weapons
  2 vampire magi
  5 shock serpents
  Nergalle (Lair:2)
  A hell knight (Vaults:4)
  7 naga sharpshooters
  10 spriggans
  A fire crab (shapeshifter) (D:12)
  19 deep elf knights
  35 deep trolls
  2 spectral death yaks (Lair:6)
  6 goliath frogs
  A death drake (shapeshifter) (Vaults:4)
  2 salamander mystics (Snake:3)
  5 spriggan druids
  4 skeletal warriors (D:15)
  4 sea snakes
  A spectral anaconda (Lair:6)
  10 swamp dragons
  7 naga ritualists
  Pikel (D:6)
  4 bog bodies
  5 orc knights
  11 deep elf archers
  14 lindwurms
  10 wizards
  An obsidian statue (Lair:6)
  A phantasmal warrior (Vaults:5)
  6 harpies
  16 ironbound convokers
  23 deep elf pyromancers
  26 deep elf zephyrmancers
  6 necromancers
  8 mana vipers
  An iron dragon zombie (D:15)
  13 cyclopes
  40 ugly things
  2 orc sorcerers
  2 manticores (D:13)
  44 black mambas
  7 will-o-the-wisps
  21 vault sentinels
  A human skeleton (Vaults:1)
  12 salamanders
  15 elephants
  Maurice (D:10)
  Joseph (D:7)
  14 naga magi
  A dire elephant zombie (Lair:6)
  10 guardian serpents
  A torpor snail (shapeshifter) (Vaults:4)
  2 spriggan zombies (D:15)
  2 gargoyles
  16 cane toads
  2 torpor snails
  2 unseen horrors
  An orange demon (Gauntlet)
  Psyche (D:10)
  2 freezing wraiths
  2 efreet (D:13)
  6 rime drakes
  A kobold demonologist (D:13)
  13 komodo dragons
  A rime drake (shapeshifter) (D:13)
  A tengu conjurer (D:15)
  10 yaktaurs
  16 trolls
  8 hornets
  2 bloated husks (Swamp:2)
  2 polar bears
  3 meliai (D:14)
  14 tyrant leeches
  2 jumping spiders (Vaults:4)
  A wind drake (shapeshifter) (Elf:1)
  A merfolk (shapeshifter) (Vaults:4)
  Prince Ribbit (D:9)
  23 slime creatures
  2 dream sheep (Lair:6)
  17 blink frogs
  A stone giant simulacrum (Vaults:1)
  An ice dragon skeleton (D:15)
  4 air elementals
  A shadow (D:12)
  A yak (shapeshifter) (D:15)
  9 wyverns
  5 vampires
  2 water elementals
  2 tarantellas (Vaults:1)
  5 wraiths
  62 yaks
  A spriggan (shapeshifter) (Elf:1)
  4 fire elementals
  2 basilisks
  3 redbacks
  A yaktaur simulacrum (Vaults:3)
  A death yak simulacrum (Lair:6)
  2 steam dragons
  16 vampire mosquitoes
  16 swamp worms
  3 spectral cane toads (Lair:6)
  A human zombie (Vaults:1)
  2 wargs
  4 acid dragons
  25 nagas
  2 floating eyes (Vaults:4)
  14 water moccasins
  5 swamp drakes
  2 black bears
  18 orc warriors
  2 ice beasts
  A sky beast (D:5)
  5 elephant zombies
  14 wolves
  27 ogres
  5 boggarts (D:14)
  3 necrophages
  5 centaurs
  A lemure (D:6)
  A phantom (D:7)
  2 elephant skeletons (Lair:6)
  2 gnoll sergeants
  8 bullfrogs
  A komodo dragon zombie (Lair:4)
  A scorpion (D:6)
  A cane toad simulacrum (Lair:6)
  3 earth elementals
  A water moccasin zombie (D:5)
  A wyvern zombie (D:9)
  9 killer bees
  3 howler monkeys (D:13)
  7 electric eels
  4 small abominations (Gauntlet)
  3 centaur zombies
  A bullfrog zombie (D:7)
  A bullfrog skeleton (D:5)
  17 jellies
  8 orc priests
  2 iguanas
  Ijyb (D:5)
  A basilisk zombie (Lair:4)
  Terence (D:3)
  19 orc wizards
  A killer bee zombie (D:8)
  A hound zombie (D:5)
  2 howler monkey zombies
  12 gnolls
  A howler monkey skeleton (D:6)
  8 adders
  2 white imps
  2 ufetubi
  2 adder skeletons (D:4)
  A worm (D:2)
  53 orcs
  5 ball pythons
  10 endoplasms
  5 giant cockroaches
  4 goblins
  8 hobgoblins
  22 jackals
  5 kobolds (D:2)
  2 quokkas
  5 bats
  2 frilled lizards
  4 rats
  10 briar patches
1504 creatures vanquished.

Vanquished Creatures (collateral kills)
  A tentacled monstrosity (Vaults:5)
  Frances (D:12)
  Aizul (Snake:2)
  An eleionoma (Swamp:1)
  An ettin (D:10)
  2 hydras (D:12)
  An anaconda (Snake:2)
  A peacekeeper (Vaults:4)
  A two-headed ogre (D:12)
  A naga sharpshooter (Snake:2)
  A mana viper (Snake:2)
  A black mamba (Snake:2)
  A wraith (D:12)
  A howler monkey (D:12)
15 creatures vanquished.

Vanquished Creatures (others)
  An ironbound convoker (Vaults:1)
  A komodo dragon (D:12)
  3 bloated husks
  A slime creature (D:12)
  3 briar patches
  3 bushes
  15 foxfires
  49 fungi
  134 plants
  20 withered plants
230 creatures vanquished.

Grand Total: 1749 creatures vanquished

Notes
Turn   | Place    | Note
-------+----------+-------------------------------------------
     0 | D:1      | sasquatch the Formicid Fighter began the quest for the Orb.
     0 | D:1      | Reached XP level 1. HP: 18/18 MP: 1/1
   156 | D:1      | Reached XP level 2. HP: 9/24 MP: 2/2
   612 | D:1      | Reached XP level 3. HP: 29/29 MP: 3/3
   633 | D:1      | Reached skill level 3 in Axes
   684 | D:1      | Found a faded altar of an unknown god.
   763 | D:1      | Found Esishrud's Book Shop.
   932 | D:2      | Found a blossoming altar of Fedhas.
  1265 | D:2      | Reached XP level 4. HP: 34/35 MP: 4/4
  1374 | D:2      | Found Yruptevygu's Distillery.
  1685 | D:2      | Bought a potion of curing for 42 gold pieces
  1991 | D:3      | Reached skill level 4 in Axes
  2056 | D:3      | Found a shimmering altar of Xom.
  2066 | D:3      | Found a snail-covered altar of Cheibriados.
  2187 | D:3      | Reached XP level 5. HP: 40/41 MP: 5/5
  2226 | D:3      | Noticed Terence
  2241 | D:3      | Killed Terence
  2559 | D:3      | Found an opulent altar of Gozag.
  3004 | D:4      | Noticed a black bear
  3004 | D:4      | Noticed a black bear
  3006 | D:4      | Found a bloodstained altar of Trog.
  3021 | D:3      | Killed a black bear
  3022 | D:3      | Reached skill level 5 in Axes
  3022 | D:3      | Reached skill level 5 in Shields
  3022 | D:3      | Reached XP level 6. HP: 41/47 MP: 6/6
  3177 | D:4      | Killed a black bear
  3219 | D:4      | Found a hide-covered altar of Uskayaw.
  3528 | D:4      | Noticed a necrophage
  3534 | D:4      | Killed a necrophage
  3535 | D:4      | Reached skill level 6 in Axes
  3535 | D:4      | Reached XP level 7. HP: 52/52 MP: 7/7
  4024 | D:5      | Entered Level 5 of the Dungeon
  4068 | D:5      | Reached skill level 7 in Axes
  4068 | D:5      | Reached XP level 8. HP: 53/58 MP: 8/8
  4167 | D:5      | Noticed Ijyb
  4186 | D:5      | Killed Ijyb
  4318 | D:5      | Found Ucanol's Jewellery Shop.
  4484 | D:5      | Found a sparkling altar of Nemelex Xobeh.
  4644 | D:5      | Reached skill level 8 in Axes
  5248 | D:6      | Found Seask's Book Emporium.
  5307 | D:6      | Noticed Pikel
  5341 | D:6      | Killed Pikel
  5342 | D:6      | Reached skill level 9 in Axes
  5342 | D:6      | Reached XP level 9. HP: 56/64 MP: 9/9
  5627 | D:6      | Found a glowing golden altar of the Shining One.
  5627 | D:6      | Found a blossoming altar of Fedhas.
  5650 | D:6      | Found a sacrificial altar of Ru.
  5652 | D:6      | Found a shimmering blue altar of Sif Muna.
  5654 | D:6      | Became a worshipper of the Shining One
  6295 | D:6      | Reached skill level 10 in Axes
  7158 | D:7      | Noticed Joseph
  7206 | D:7      | Killed Joseph
  7403 | D:7      | Reached skill level 11 in Axes
  7536 | D:7      | Found a staircase to the Ecumenical Temple.
  7538 | D:7      | Noticed Harold
  7564 | D:7      | Killed Harold
  7565 | D:7      | Reached skill level 12 in Axes
  7565 | D:7      | Reached XP level 10. HP: 21/70 MP: 10/10
  7980 | D:7      | You fall into a shaft and drop 2 floors!
  8130 | D:9      | Reached * piety under the Shining One
  8452 | D:9      | Noticed Prince Ribbit
  8471 | D:9      | Killed Prince Ribbit
  8636 | D:8      | Reached skill level 13 in Axes
  9032 | D:7      | Identified the +7 mace of Janliamigo {flame, rF+ rN+ rCorr}
  9708 | D:8      | Reached skill level 1 in Dodging
 10583 | D:9      | Reached XP level 11. HP: 64/75 MP: 11/11
 10854 | D:10     | Entered Level 10 of the Dungeon
 11195 | D:10     | Noticed Josephine
 11233 | D:10     | Killed Josephine
 11234 | D:10     | Reached skill level 14 in Axes
 11728 | D:10     | Noticed Maurice
 11753 | D:10     | Killed Maurice
 11963 | D:5      | Bought an amulet of the acrobat for 330 gold pieces
 12101 | D:10     | Found Fun Doinn's Weapon Shop.
 12238 | D:10     | Found a hazy altar of Hepliaklqana.
 12674 | D:10     | Noticed Psyche
 12692 | D:10     | Killed Psyche
 12845 | D:10     | Found a staircase to the Orcish Mines.
 12971 | D:10     | Found a broken altar of Ashenzari.
 13008 | D:10     | Reached ** piety under the Shining One
 13018 | D:10     | Reached skill level 5 in Dodging
 13035 | D:11     | Found a staircase to the Lair.
 13250 | D:11     | Noticed a cyclops
 13267 | D:11     | Reached skill level 15 in Axes
 13278 | D:11     | Reached XP level 12. HP: 80/81 MP: 12/12
 13456 | D:11     | Noticed a two-headed ogre
 13464 | D:11     | Killed a two-headed ogre
 13632 | D:11     | Identified the +1 rapier of Parts Unknown {vorpal, *Rage
                  | rElec Str+4}
 14155 | Lair:1   | Entered Level 1 of the Lair of Beasts
 14278 | Lair:1   | Noticed Gastronok
 14777 | Lair:1   | Noticed a five-headed hydra
 14807 | Lair:1   | You fall into a shaft and drop 1 floor!
 15217 | Lair:2   | Reached skill level 16 in Axes
 15530 | Lair:2   | Noticed Nergalle
 15609 | Lair:1   | You fall into a shaft and drop 1 floor!
 15609 | Lair:2   | Noticed a four-headed hydra
 15616 | Lair:2   | HP: 4/83 [four-headed hydra (5)]
 15624 | Lair:2   | Killed a four-headed hydra
 15974 | Lair:2   | Found a staircase to the Swamp.
 16013 | Lair:2   | Killed Nergalle
 16014 | Lair:2   | Reached skill level 5 in Fighting
 16014 | Lair:2   | Reached skill level 5 in Armour
 16175 | Orc:1    | Entered Level 1 of the Orcish Mines
 16726 | Orc:1    | Noticed an ettin
 16805 | D:10     | Bought the +7 broad axe of Success {vorpal, +Blink rF+++
                  | rC- Dex-4} for 746 gold pieces
 16947 | Lair:1   | Reached XP level 13. HP: 59/93 MP: 13/13
 17334 | Lair:2   | Killed a five-headed hydra
 17530 | Lair:2   | Identified the +2 scale mail of Skepticism {rPois Str+4
                  | Dex+2 Stlth-}
 18398 | Lair:3   | Reached *** piety under the Shining One
 18622 | Lair:3   | Found a runed translucent door.
 18622 | Lair:3   | Noticed DocClef's ghost (journeyman GnDe)
 19437 | Lair:3   | Noticed a four-headed hydra
 19446 | Lair:3   | Killed a four-headed hydra
 19909 | Lair:3   | Killed DocClef's ghost
 20090 | Lair:4   | Found a staircase to the Snake Pit.
 20090 | Lair:4   | You fall into a shaft and drop 1 floor!
 20094 | Lair:5   | Found a staircase to the Slime Pits.
 20113 | Lair:5   | Reached XP level 14. HP: 108/108 MP: 14/14
 20232 | Lair:5   | Reached skill level 17 in Axes
 21229 | Lair:6   | Entered Level 6 of the Lair of Beasts
 21241 | Lair:6   | Reached **** piety under the Shining One
 21606 | Lair:5   | Reached skill level 10 in Armour
 21884 | Lair:6   | Noticed Rupert
 22099 | D:10     | Reached skill level 10 in Fighting
 22099 | D:10     | Reached skill level 1 in Invocations
 22468 | Orc:1    | Found Isuulev's Assorted Antiques.
 22548 | Orc:2    | Entered Level 2 of the Orcish Mines
 22548 | Orc:2    | Noticed an orc warlord
 22921 | Orc:2    | Reached skill level 5 in Invocations
 23284 | Orc:2    | Killed an orc warlord
 23632 | Orc:2    | Found Taepid's Weapon Shop.
 23768 | Orc:2    | Found Jixt's Antique Weapon Emporium.
 23779 | Orc:2    | Reached XP level 15. HP: 75/115 MP: 19/21
 24088 | Orc:2    | Found Boplil's General Store.
 24089 | Orc:2    | Found Diraqea's Magic Scroll Boutique.
 24274 | Orc:2    | Found a staircase to the Elven Halls.
 24463 | Orc:2    | Bought a scroll of acquirement for 676 gold pieces
 24463 | Orc:2    | Acquired +1 gold dragon scales
 25660 | Lair:4   | Reached skill level 18 in Axes
 25660 | Lair:4   | Reached skill level 10 in Invocations
 25927 | Lair:4   | Reached ***** piety under the Shining One
 26499 | Snake:1  | Entered Level 1 of the Snake Pit
 26522 | Snake:1  | HP: 4/115 [shock serpent (14)]
 27483 | Snake:1  | You fall into a shaft and drop 1 floor!
 28043 | Snake:2  | Noticed a nagaraja
 28068 | Snake:2  | Killed a nagaraja
 28445 | Snake:1  | Reached XP level 16. HP: 101/123 MP: 23/23
 29112 | Snake:2  | Noticed Aizul
 29122 | Snake:2  | Killed Aizul
 29333 | Snake:2  | Noticed a nagaraja
 29381 | Snake:2  | Killed a nagaraja
 29776 | Snake:2  | Found a runed translucent door.
 30151 | Lair:6   | Killed Rupert
 31940 | Lair:6   | Reached skill level 15 in Armour
 32336 | Snake:3  | Found a stormy altar of Qazlal.
 32513 | Snake:3  | Noticed a nagaraja
 32521 | Snake:2  | Killed a nagaraja
 32694 | Snake:3  | Reached XP level 17. HP: 136/136 MP: 24/24
 35556 | Snake:4  | Entered Level 4 of the Snake Pit
 36332 | Snake:4  | Noticed Nikola
 36492 | Swamp:1  | Entered Level 1 of the Swamp
 37286 | Swamp:1  | Reached ****** piety under the Shining One
 37857 | Swamp:1  | Noticed a thorn hunter
 37871 | Swamp:1  | HP: 4/140 [eleionoma/spray of wooden splinters (27)]
 37879 | Swamp:1  | Killed a thorn hunter
 37880 | Swamp:1  | Reached skill level 15 in Fighting
 38284 | Swamp:1  | Identified the +5 ring mail of Gipof {rElec rN+}
 38651 | Snake:4  | Reached XP level 18. HP: 149/149 MP: 25/25
 40564 | Snake:4  | Reached skill level 10 in Shields
 40916 | Snake:4  | Killed Nikola
 41285 | Snake:4  | Noticed Vashnia
 41363 | Snake:4  | Killed Vashnia
 41942 | Snake:4  | Got a serpentine rune of Zot
 44488 | Swamp:3  | Noticed a tentacled monstrosity
 44495 | Swamp:3  | Killed a tentacled monstrosity
 44496 | Swamp:3  | Reached skill level 15 in Shields
 44496 | Swamp:3  | Reached XP level 19. HP: 155/155 MP: 26/26
 44624 | Swamp:4  | Entered Level 4 of the Swamp
 45533 | Swamp:4  | Noticed a tentacled monstrosity
 45543 | Swamp:4  | Killed a tentacled monstrosity
 45824 | Swamp:4  | Noticed Donald
 46033 | Swamp:3  | Killed Donald
 47072 | Swamp:4  | Got a decaying rune of Zot
 47594 | D:12     | Noticed Frances
 47776 | D:12     | Identified the ring of Mumilufu {rPois rF+ Str+4}
 47786 | D:12     | Identified the +4 great sword of Resourcefulness {elec,
                  | rCorr}
 48018 | D:12     | Found a white marble altar of Elyvilon.
 48335 | D:12     | Killed Frances
 48625 | D:13     | Found a gate to the Vaults.
 48671 | D:13     | Found Fucymn's Antique Weapon Shop.
 48722 | D:13     | Reached XP level 20. HP: 162/162 MP: 28/28
 48802 | D:13     | Found Kuicleonk's Armour Shop.
 48809 | D:13     | Noticed Nessos
 48821 | D:13     | Killed Nessos
 48934 | D:13     | Found Kiele's Jewellery Emporium.
 49002 | D:13     | Found Zycvave's Antique Weapon Boutique.
 49142 | D:13     | Found Kecw's Assorted Antiques.
 49148 | D:13     | Bought a pair of pitted boots for 323 gold pieces
 49148 | D:13     | Identified the +0 pair of boots "Zourosu" {Str+2} (You
                  | bought it in a shop on level 13 of the Dungeon)
 49211 | D:14     | Found a gate leading to a gauntlet.
 49234 | Gauntlet | Entered a Gauntlet
 49234 | Gauntlet | Found a transporter.
 49238 | Gauntlet | Found a transporter.
 49239 | Gauntlet | Found a transporter.
 49253 | Gauntlet | Found a transporter.
 49255 | Gauntlet | Found a transporter.
 49261 | Gauntlet | Found a runed translucent gate.
 49261 | Gauntlet | Found a runed translucent gate.
 49261 | Gauntlet | Found a runed translucent gate.
 49264 | Gauntlet | Found a transporter.
 49280 | Gauntlet | Found a transporter.
 49290 | Gauntlet | Found a transporter.
 49300 | Gauntlet | Found a transporter.
 49315 | Gauntlet | Found a transporter.
 49322 | Gauntlet | Found a runed translucent door.
 49323 | Gauntlet | Found a transporter.
 49328 | Gauntlet | Found a transporter.
 49329 | Gauntlet | Found a runed translucent door.
 49409 | Gauntlet | Found a transporter.
 49409 | Gauntlet | Found a transporter.
 49578 | Gauntlet | Identified the ring "Nautovesk" {rPois rF- rC+ Str-3 SInv}
 49640 | Gauntlet | Identified the ring "Kuollus" {rF- rC+ SInv Stlth+}
 49640 | Gauntlet | Identified the +2 leather armour "Doloute" {rElec Str+4
                  | SInv}
 50208 | D:14     | Identified the +4 falchion of Indomitability {vorpal, rElec
                  | rPois}
 50462 | D:14     | Found a shimmering altar of Xom.
 50542 | D:15     | Entered Level 15 of the Dungeon
 50841 | D:15     | Identified the +0 pair of gloves of the Eternal Fruit
                  | {rElec rC- Regen+}
 50954 | D:15     | Found a staircase to the Depths.
 51434 | Vaults:1 | Entered Level 1 of the Vaults
 51570 | D:13     | Reached skill level 15 in Invocations
 51667 | Vaults:1 | Reached skill level 19 in Axes
 51690 | Vaults:1 | Reached XP level 21. HP: 168/168 MP: 32/32
 52175 | Vaults:1 | Found Yshiboeh's Book Emporium.
 53165 | Vaults:2 | Reached skill level 20 in Axes
 53271 | Vaults:2 | Found a staircase to the Crypt.
 53510 | Vaults:2 | Found Quer's Antique Weapon Shoppe.
 54000 | Vaults:3 | Identified the +2 robe of Indemnity {Dex+2}
 54341 | Vaults:3 | Reached XP level 22. HP: 170/175 MP: 33/33
 54567 | Vaults:3 | Reached skill level 21 in Axes
 54611 | Vaults:3 | Acquired 968 gold pieces
 55888 | Vaults:4 | Reached skill level 22 in Axes
 55990 | Vaults:4 | Reached XP level 23. HP: 174/185 MP: 34/34
 56010 | Vaults:4 | Found the +4 Cigotuvi's embrace {rMiasma Drain rN+}
 56164 | Vaults:4 | Noticed a golden dragon
 56175 | Vaults:4 | Killed a golden dragon
 56270 | Vaults:4 | Noticed Jory
 56289 | Vaults:4 | Killed Jory
 56414 | Vaults:4 | Found Oninoa Tups's General Store.
 57072 | Elf:1    | Entered Level 1 of the Elven Halls
 57440 | Elf:1    | Found Plog's General Store.
 57547 | Elf:1    | Got the Volume of Combat Magic and Earth
 57890 | Elf:2    | Noticed Agnes
 57961 | Elf:1    | Killed Agnes
 58016 | Elf:2    | Reached skill level 23 in Axes
 58272 | Elf:2    | Found Ygexefamod's General Store.
 58392 | Elf:2    | Found a huge runed translucent gate.
 58392 | Elf:2    | Found a huge runed translucent gate.
 58392 | Elf:2    | Found a huge runed translucent gate.
 58392 | Elf:2    | Found a huge runed translucent gate.
 58393 | Elf:2    | Found a huge runed translucent gate.
 58967 | Elf:3    | Entered Level 3 of the Elven Halls
 59521 | Elf:3    | Gained mutation: You sometimes lose the ability to read
                  | scrolls when taking damage. [a cacodemon]
 59525 | Elf:3    | Gained mutation: Your magical capacity is low. (-10% MP) [a
                  | cacodemon]
 59571 | Elf:3    | Reached XP level 24. HP: 197/197 MP: 30/30
 59974 | Elf:3    | Reached skill level 24 in Axes
 60190 | Elf:3    | Identified the +7 chain mail "Meofi" {Dex+2}
 60209 | Elf:3    | Identified the +7 plate armour "Obacocyc" {+Blink rC++}
 60246 | Elf:3    | Identified the amulet of Virtue {Acrobat rF+++ rN++ Regen+
                  | Str-3}
 60251 | Elf:3    | Identified the +5 battleaxe of Fazutat {elec, Contam Drain
                  | rElec Will++ SInv}
 60256 | Elf:3    | Identified the ring of Naudghuf {rF+ rC- rN+ Int+3}
 61028 | Vaults:5 | Entered Level 5 of the Vaults
 61169 | Vaults:5 | Noticed a dread lich
 61246 | Vaults:5 | Noticed a golden dragon
 61259 | Vaults:5 | Killed a dread lich
 61260 | Vaults:5 | Reached XP level 25. HP: 141/208 MP: 30/30
 61267 | Vaults:5 | Noticed Sojobo
 61273 | Vaults:5 | Mangled by a titan

Illustrated notes

Levels and vault maps discovered:
D:1:      dpeg_arrival_pits, layout_rooms, shapermc_ecumenical_altar_ellora,
          serial_shops, shop, minivault_4
D:2:      wad_crossroads, layout_basic, serial_shops, shop, basic_altar
D:3:      layout_basic, mainiacjoe_overflow_catwalk,
          mainiacjoe_overflow_catch_the_wave, kennysheep_donut,
          minmay_pentomino_pile, uniq_terence
D:4:      layout_basic, trog_ov_bears_minmay, amcnicky_altar_gilded
D:5:      layout_basic, nemelex_altar_shiori, serial_corexii_hall,
          corexii_hall_statues_l, corexii_hall_statues_x, serial_shops, shop,
          uniq_ijyb
D:6:      layout_basic, minitemple, serial_shops, nicolae_shop_waterfront,
          uniq_pikel
D:7:      layout_gridville, temple_fountains, amethyst_killhole, uniq_joseph,
          uniq_harold
D:8:      layout_loops_corners, serial_park_tiny_2, kennysheep_generic_room_6
D:9:      layout_rooms, hangedman_decor_growths, uniq_prince_ribbit1
D:10:     layout_stronghold, kennysheep_mini, nicolae_hepliaklqana_hazy_memory,
          serial_shops, shop, kennysheep_small_circle, uniq_maurice,
          uniq_josephine, uniq_psyche
D:11:     layout_loops_cross, lair_entry_dummy, nicolae_water_bricks, hex_large
D:12:     minmay_the_grid_square_5x5_5x5 [minmay_the_grid_square_5x5_detours,
          minmay_the_grid_square_5x5_three_small,
          minmay_the_grid_square_5x5_six_small, minmay_the_grid_square_5x5_comb,
          minmay_the_grid_square_5x5_checkered,
          minmay_the_grid_square_5x5_checkered_sparse,
          minmay_the_grid_square_5x5_prize_rear_guard,
          minmay_the_grid_square_5x5_v, minmay_the_grid_square_5x5_prize_junk,
          minmay_the_grid_square_5x5_meh,
          minmay_the_grid_square_5x5_tetrominoes,
          minmay_the_grid_square_5x5_n_small,
          minmay_the_grid_square_5x5_prize_snowflake,
          minmay_the_grid_square_5x5_half_checkered,
          minmay_the_grid_square_5x5_percent, minmay_the_grid_square_5x5_mess,
          minmay_the_grid_square_5x5_prize_pseudospiral,
          minmay_the_grid_square_5x5_forky,
          minmay_the_grid_square_5x5_prize_open,
          minmay_the_grid_square_5x5_three, minmay_the_grid_square_5x5_inner_z,
          minmay_the_grid_square_5x5_shrine1,
          minmay_the_grid_square_5x5_almost_minimal,
          minmay_the_grid_square_5x5_bridge,
          minmay_the_grid_square_5x5_two_walls_a], layout_basic,
          grunt_ministairs_14, grunt_decor_cap, uniq_frances
D:13:     layout_cave_pools, skrybe_vaults_entry_preservation, serial_shops,
          shop, nicolae_take_the_stairs, kennysheep_little_box, shop_fountains,
          shop, lightli_fourway_metalbox, uniq_nessos
D:14:     layout_loops_cross, gauntlet_entry_generic, serial_glass,
          glass_columns_a, glass_columns_a, glass_columns_a, glass_columns_a,
          glass_columns_b, glass_columns_a, glass_columns_a, glass_columns_a,
          glass_columns_a, glass_columns_b, glass_columns_a, glass_columns_a,
          glass_columns_a, glass_columns_a, tgw_xom
D:15:     gammafunk_depths_entry_grave, layout_basic, minmay_misc_feat_hallway,
          minmay_stone_trees_small
Lair:1:   layout_regular_city, infiniplex_staircase_pool, grunt_megastairs_5,
          lemuel_fruit_fields, uniq_gastronok
Lair:2:   layout_small_grid, swamp_mist, uniq_nergalle
Lair:3:   layout_regular_city, hellmonk_ghost_happy_afterlife,
          grunt_megastairs_4
Lair:4:   pond_and_an_island_with_a_cottage, layout_regular_city,
          guppyfry_snake_entry_garden
Lair:5:   layout_gridlike, minmay_slime_entry_jelly_boxes,
          mumra_transporter_accident, infiniplex_staircase_pool_2
Lair:6:   due_jungle_book, layout_long_grid, serial_bayou_shore_a,
          lemuel_fruit_fields, uniq_rupert
Swamp:1:  layout_basic_swamp, evilmike_swamp_ruin_house_4
Swamp:2:  layout_basic_swamp, serial_swamp_ruin, hangedman_swamp_ruin_wall,
          evilmike_swamp_ruin_house_5, swamp_pool1, lightli_tree_ring
Swamp:3:  layout_basic_swamp, evilmike_swamp_ruin_house_3,
          nicolae_swamp_tree_designs
Swamp:4:  swamp_alternative, layout_basic_swamp, uniq_donald
Snake:1:  layout_onion_interference
Snake:2:  cheibrodos_toxic_ritual, layout_basic, uniq_aizul
Snake:3:  layout_cave_town, basic_altar
Snake:4:  grunt_snake_rune_serpentine_throne, layout_rooms,
          serial_bayou_lagoon_a, uniq_vashnia, uniq_nikola
Orc:1:    layout_caves, basic_altar, serial_shops,
          nicolae_shop_temple_entry_statues_fountains
Orc:2:    st_orc_open, layout_caves
Elf:1:    minmay_elf_arrival_circle, layout_geoelf_diagonals, serial_shops,
          nicolae_shop_crystal, kennysheep_underground_church
Elf:2:    elven_hall_of_blades_hangedman_alternative
          [nicolae_blade_entry_floor_patterns], layout_loops_ring, serial_shops,
          nicolae_shop_behind_doors, uniq_agnes
Elf:3:    minmay_elf_hall_four_x, layout_loops_corners
Vaults:1: v_pattern_3, ontoclasm_vaults_eye, v_rooms_5, vaults_dpeg_diagonal,
          ontoclasm_vaults_chip, vaults_mumra_minichess,
          vaults_dpeg_encased_lava, ontoclasm_vaults_fault,
          ontoclasm_vaults_spin, hangedman_vaults_corner_blocks,
          vaults_dpeg_ring, layout_vaults_ring, serial_shops, shop
Vaults:2: minmay_crypt_entry_vampire_xt, nicolae_vaults_hallways_thing,
          vaults_room_guarded_vault, v_misc_13, ontoclasm_vaults_gateway,
          vaults_room_door_ring, vaults_standard_mumra_enter_the_diamond,
          nicolae_vaults_theta, layout_vaults_omnigrid, serial_shops,
          nicolae_shop_stone
Vaults:3: nicolae_vaults_windows_and_doors_thing, v_misc_18,
          vaults_room_large_hall, hangedman_vaults_restitches, st_lattice,
          nicolae_vaults_big_angled_halls, v_alt_pattern_2,
          nicolae_vaults_specimen_jars, nicolae_vaults_shelves_hall,
          hangedman_vaults_restitches, hangedman_vaults_locks,
          hangedman_vaults_impose, serial_ice_h, ontoclasm_vaults_bender,
          layout_vaults_omnibox
Vaults:4: hangedman_vaults_nails, st_greater_box_3, vaults_room_corners,
          ontoclasm_vaults_chip, ontoclasm_vaults_ring_large,
          nicolae_vaults_alarming, vaults_mumra_hex, v_misc_22,
          ontoclasm_vaults_shuriken, vaults_room_door_ring,
          nicolae_vaults_mini_display_case, nicolae_vaults_little_squares_4,
          grunt_vaults_hallway_short, layout_vaults_omnicross, serial_shops,
          nicolae_shop_stone, uniq_jory
Vaults:5: uniq_sojobo

Skill      XL: |  1  2  3  4  5  6  7  8  9 10 11 12 13 14 15 16 17 18 19 20 21 22 23 24 |
---------------+-------------------------------------------------------------------------+-----
Shields        | 4 5 6 8 9 15 | 15.0
Axes           | 3 4 5 6 7 9 12 13 15 16 17 18 19 20 22 23 24 | 24.0
Dodging        | 2 5 6 9 |  9.7
Fighting       | 5 9 10 13 15 16 17 19 | 19.6
Armour         | 5 9 10 13 15 17 19 20 | 20.0
Invocations    | 8 10 15 | 15.0

Action                   |  1- 3 |  4- 6 |  7- 9 | 10-12 | 13-15 | 16-18 | 19-21 | 22-24 | 25-27 || total
-------------------------+-------+-------+-------+-------+-------+-------+-------+-------+-------++-------
Melee: War axe           |    86 |    89 |    82 |    61 |       |       |       |       |       ||   318
       Hand axe          |       |    46 |   181 |       |       |       |       |       |       ||   227
       Mace              |       |       |       |   422 |    31 |    17 |    89 |       |       ||   559
       Dagger            |       |       |       |    33 |       |       |       |       |       ||    33
       Broad axe         |       |       |       |    27 |   789 |  1090 |  1112 |   950 |       ||  3968
       Battleaxe         |       |       |       |       |       |       |       |    95 |     9 ||   104
Throw: Dart              |       |       |     5 |     3 |     6 |       |       |       |       ||    14
Invok: Divine Shield     |       |       |       |       |       |     6 |    12 |    17 |       ||    35
       Summon Divine War |       |       |       |       |       |     2 |     2 |     2 |       ||     6
       Cleansing Flame   |       |       |       |       |       |       |       |     1 |       ||     1
 Abil: Dig               |       |       |     6 |    22 |    30 |    49 |     6 |    10 |       ||   123
       Shaft Self        |       |       |       |     2 |       |       |       |       |       ||     2
Evoke: Wand              |       |       |       |     8 |     8 |    12 |       |       |       ||    28
  Use: Potion            |       |     1 |     3 |     7 |     5 |     3 |       |     1 |     5 ||    25
       Scroll            |       |       |    16 |     7 |     7 |     1 |     3 |     2 |       ||    36
Armor: Scale mail        |    45 |    86 |    14 |       |   104 |   140 |    92 |       |       ||   481
       Ring mail         |       |       |    59 |   119 |     8 |    16 |       |       |       ||   202
       Gold dragon scale |       |       |       |       |     9 |       |   375 |   374 |    20 ||   778
Dodge: Dodged            |    37 |    51 |    66 |   260 |   256 |   345 |   264 |   149 |     6 ||  1434
       Repelled          |       |       |       |     1 |     5 |    24 |    10 |     6 |       ||    46
Block: Kite shield       |    50 |    90 |   115 |   297 |   307 |   307 |       |       |       ||  1166
       Tower shield      |       |       |       |       |       |   251 |  1184 |   937 |    52 ||  2424
